 Dungeon Crawl Stone Soup version 0.31-a0-455-g1a7b003ef0 (webtiles) character file.

Game seed: 6711620224849646307

8 ytrimaz the Ruffian (level 2, 21/21 HPs)
             Began as a Demonspawn Shapeshifter on Aug 4, 2023.
             Quit the game on level 1 of the Dungeon.
             The game lasted 00:00:16 (229 turns).

ytrimaz the Ruffian (Demonspawn Shapeshifter)        Turns: 229, Time: 00:00:16

Health: 21/21      AC:  2    Str: 15    XL:     2   Next: 0%
Magic:  2/2        EV: 12    Int:  9    God:
Gold:   38         SH:  0    Dex: 13    Spells: 1/1 levels left

rFire   . .          .
                       - Unarmed
rCold   . . .        (no shield)
rNeg    . . .        a - +0 animal skin
rPois   .            (helmet currently unavailable)
rElec   .            (cloak currently unavailable)
rCorr   .            (gloves currently unavailable)
SInv    .            (boots currently unavailable)
Will    .....        (no amulet)
Stlth   +            (no ring)
HPRegen 0.23/turn    (no ring)
MPRegen 0.08/turn

%: no passive effects
@: beast-form
A: beast (slay +2), demonic magic 1
a: Begin Untransformation


You were on level 1 of the Dungeon.
You were a hulking beast.
You visited 1 branch of the dungeon, and saw 1 of its levels.

You collected 38 gold pieces.


Innate Abilities, Weirdness & Mutations

You are a hulking beast.
Your limbs bulge with bestial killing power. (Slay +2)
Spells you cast may paralyse adjacent enemies.


   Skills:
 - Level 1.0 Fighting
 - Level 1.7 Dodging
 + Level 3.0 Unarmed Combat
 + Level 2.9 Shapeshifting


You had one spell level left.
You didn't know any spells.
Your spell library was empty.

Inventory:

Armour
 a - a +0 animal skin (worn)
Talismans
 c - a beast talisman (active)
Scrolls
 d - a scroll of fear {unknown}
Potions
 b - a potion of lignification

Dungeon Overview and Level Annotations

Branches:
Dungeon (1/15) Zot: 5772

Altars:

.# .# .# #.# #....
##.. ##r# #.#.#
#..#....# #.#.#
#....# #.#.# #h#
#.#.#########.#
#.#.##........#
####.#.##.########
........>........
#################
# # #


You could see a quokka (asleep).


Message History

No target in view!
No target in view!
Things that are here:
a +0 club; a stone Unknown command.
No target in view!
No target in view!
d - a scroll labelled MIUTAU FUAV A bat comes into view.
A bat is nearby!
A bat is nearby!
The bat misses you. The bat barely misses you.
You miss the bat. The bat barely misses you.
The bat hits you but does no damage.
You hit the bat but do no damage. The bat misses you.
The bat hits you but does no damage. x2
You hit the bat. The bat misses you. x2
You hit the bat.
You kill the bat!
You see here a bat corpse.
You see here a +0 buckler.
A rat and a giant cockroach come into view.
There are monsters nearby!
There are monsters nearby!
There are monsters nearby!
You punch the rat!
You kill the rat!
The giant cockroach bites you but does no damage.
You closely miss the giant cockroach. The giant cockroach barely misses you.
You hit the giant cockroach. The giant cockroach bites you. 😕 HP[-1]
You take 1 damage, and now have 14/15 hp.
You closely miss the giant cockroach. The giant cockroach barely misses you.
You closely miss the giant cockroach.
The giant cockroach closely misses you. 😎 HP[+1]
Your hp is fully restored (15).
You barely miss the giant cockroach. The giant cockroach bites you. 😕 HP[-1]
You take 1 damage, and now have 14/15 hp.
You hit the giant cockroach but do no damage.
The giant cockroach bites you but does no damage.
You barely miss the giant cockroach.
The giant cockroach bites you but does no damage.
The giant cockroach bites you. 😕 HP[-2]
You take 2 damage, and now have 12/15 hp.
You hit the giant cockroach.
You kill the giant cockroach!
No target in view!
No target in view!
No target in view!
No target in view!
You see here a giant cockroach corpse. 😕 HP[+1]
You see here a +0 leather armour.
Key pressed, stopping explore.
You now have 22 gold pieces (gained 13).
Key pressed, stopping explore.
You now have 38 gold pieces (gained 16).
Key pressed, stopping explore.
A giant cockroach comes into view. 😎 HP[+2]
Your hp is fully restored (15).
A giant cockroach is nearby!
A giant cockroach is nearby!
You hit the giant cockroach. The giant cockroach closely misses you.
You hit the giant cockroach.
You kill the giant cockroach!
No target in view!
No target in view!
No target in view!
No target in view!
No target in view!
No target in view!
No target in view!
No target in view!
An endoplasm comes into view.
An endoplasm is nearby!
An endoplasm is nearby!
An endoplasm is nearby!
Found an escape hatch in the floor.
A giant cockroach comes into view.
You hit the endoplasm.
You kill the endoplasm!
You barely miss the giant cockroach. The giant cockroach closely misses you.
You punch the giant cockroach!
You kill the giant cockroach!
Your Unarmed Combat skill increases to level 3!
You have reached level 2!
Your demonic ancestry asserts itself...
A menacing aura infuses your magic. 😎 HP[+6] MP[+1]
You now have 21 max hp (+6).
Your hp is fully restored (21).
Your mp is fully restored (2).
There is an escape hatch in the floor here.
A quokka comes into view.
A quokka is nearby!
A quokka is nearby!
Are you sure you want to abandon this character and quit the game? (Confirm with "yes".)

Skill      XL: |  1 |
---------------+----+-----
Unarmed Combat | 3 |  3.0
Fighting       | |  1.0
Dodging        | |  1.7
Shapeshifting  | |  2.9

Action                     || total
---------------------------++-------
  Melee: Unarmed           ||    20
 Armour: Animal skin       ||     6
  Dodge: Dodged            ||    13

Levels and vault maps discovered:
D:1:      scummos_arrival_checkerplants, layout_loops_ring,
          ebering_ecumenical_altar_sacrificial

Notes
Turn   | Place    | Note
-------+----------+-------------------------------------------
     0 | D:1      | ytrimaz the Demonspawn Shapeshifter began the quest for the
                  | Orb.
     0 | D:1      | Reached XP level 1. HP: 15/15 MP: 1/1
     0 | D:1      | magus.rc [v1.9.6]
   215 | D:1      | Reached skill level 3 in Unarmed Combat
   215 | D:1      | Gained mutation: Spells you cast may paralyse adjacent
                  | enemies. [demonic ancestry]
   215 | D:1      | Reached XP level 2. HP: 21/21 MP: 2/2
   229 | D:1      | Quit the game

Vanquished Creatures
  An endoplasm (D:1)
  3 giant cockroaches (D:1)
  A kobold (D:1)
  A bat (D:1)
  A rat (D:1)
7 creatures vanquished.

Table legend:
 A = Non-vault XP
 B = Vault XP
 C = Vault XP percentage of total XP
 D = Non-vault monster count
 E = Vault monster count
 F = Vault count percentage of total count
                 A         B        C        D         E       F
            +---------+---------+-------+---------+---------+-------
      Total |      12 |       0 |   0.0 |       7 |       0 |   0.0
            +---------+---------+-------+---------+---------+-------
        D:1 |      12 |       0 |   0.0 |       7 |       0 |   0.0
            +---------+---------+-------+---------+---------+-------

Skill      XL: |  1 |
---------------+----+-----
Unarmed Combat | 3 |  3.0
Fighting       | |  1.0
Dodging        | |  1.7
Shapeshifting  | |  2.9

Action                     || total
---------------------------++-------
  Melee: Unarmed           ||    20
 Armour: Animal skin       ||     6
  Dodge: Dodged            ||    13

Illustrated notes

Table legend:
 A = Kills in this place as a percentage of kills in the entire game.
 B = Kills by you in this place as a percentage of kills by you in the entire game.
 C = Kills by friends in this place as a percentage of kills by friends in the entire game.
 D = Other kills in this place as a percentage of other kills in the entire game.
 E = Experience gained in this place as a percentage of experience gained in the entire game.
 F = Experience gained in this place divided by the number of levels of this place that you have seen.
                   A       B       C       D       E      F
               +-------+-------+-------+-------+-------+----------------------
         Total | 100.0 | 100.0 |   N/A |   N/A | 100.0 |  12.0
       Dungeon | 100.0 | 100.0 |   N/A |   N/A | 100.0 |  12.0
               +-------+-------+-------+-------+-------+----------------------

Table legend: (Time is in decaauts)
 A = Elapsed time spent in this place.
 B = Non-inter-level travel time spent in this place.
 C = Inter-level travel time spent in this place.
 D = Time resting spent in this place.
 E = Time spent auto-exploring this place.
 F = Levels seen in this place.
 G = Mean time per level.
                   A        B        C        D        E       F      G
               +--------+--------+--------+--------+--------+-----+--------+
         Total |    227 |    227 |      0 |      0 |    177 |   1 |  227.0 |
       Dungeon |    227 |    227 |      0 |      0 |    177 |   1 |  227.0 |
               +--------+--------+--------+--------+--------+-----+--------+

Top non-repeatable levels by time:
     D:1: 227 daAuts
